 Dungeon Crawl Stone Soup version 0.26.1-11-gd32895ea62 (webtiles) character file.

Game seed: 3600765321930032871

6321 nothank2 the Grappler (level 10, -9/102 HPs)
             Began as a Troll Monk on July 11, 2021.
             Was an Elder of Wu Jian.
             Mangled by Snorg (15 damage)
             ... on level 10 of the Dungeon.
             The game lasted 00:24:09 (7674 turns).

nothank2 the Grappler (Troll Monk)                  Turns: 7674, Time: 00:24:09

Health: -9/102     AC: 15    Str: 32    XL:     10   Next: 64%
Magic:  12/12      EV:  9    Int:  9    God:    Wu Jian [****..]
Gold:   473        SH: 10    Dex: 12    Spells: 12/13 levels left

rFire    + . .     SeeInvis .     - Unarmed
rCold    x . .     Faith    .   s - +0 kite shield
rNeg     . . .     Spirit   .   x - +2 swamp dragon scales
rPois    +         Reflect  .   (helmet restricted)
rElec    .         Harm     .   z - +0 cloak of the Haunted Stallion {rCorr Int+3}
rCorr    +         Rampage  .   (gloves unavailable)
Will     .....                  (boots unavailable)
Stlth    +.........             (no amulet)
HPRegen  0.67/turn              y - ring of Urenupt {Fire +Blink Str+2}
MPRegen  0.13/turn              q - +6 ring of strength

@: no status effects
A: large, unfitting armour, claws 3, regeneration 1, shaggy fur 1, tough skin 3
a: Renounce Religion, Evoke Blink, Wall Jump, Serpent's Lash


You were on level 10 of the Dungeon.
You worshipped Wu Jian.
Wu Jian was greatly pleased with you.
You visited 1 branch of the dungeon, and saw 10 of its levels.

You collected 473 gold pieces.

Inventory:

Missiles
 C - 32 poisoned darts (quivered)
Armour
 a - a +0 robe
 s - a +0 kite shield (worn)
 v - a +0 cloak
 x - +2 swamp dragon scales (worn)
 z - the +0 cloak of the Haunted Stallion (worn) {rCorr Int+3}
   (You found it on level 6 of the Dungeon)

   It affects your intelligence (+3).
   It provides partial protection from all sources of acid and corrosion.
Jewellery
 i - an uncursed ring of willpower
 q - a +6 ring of strength (right claw)
 y - the ring of Urenupt (left claw) {Fire +Blink Str+2}
   (You found it on level 6 of the Dungeon)

   [ring of fire]

   It enhances your fire magic.
   It affects your strength (+2).
   It protects you from fire.
   It makes you vulnerable to cold.
   It lets you blink.
 G - a cursed ring of teleportation {unknown}
Wands
 r - a wand of flame (25)
 B - a wand of polymorph (6)
 E - a wand of iceblast (15)
 H - a wand of enslavement (3)
Scrolls
 b - a scroll of blinking
 c - a scroll of fog
 d - 2 scrolls of noise
 g - 5 scrolls of teleportation
 k - 2 scrolls of amnesia
 l - a scroll of magic mapping {unknown}
 o - 6 scrolls of remove curse
 t - 2 scrolls of enchant weapon
 u - a scroll of torment {unknown}
 A - a scroll of identify
 D - 3 scrolls of fear {unknown}
 F - a scroll of vulnerability {unknown}
Potions
 e - 3 potions of cancellation
 f - 3 potions of degeneration
 j - a potion of lignification {unknown}
 m - 2 potions of magic
 n - 2 potions of curing
 p - 2 potions of flight
 w - 3 potions of heal wounds
Miscellaneous
 h - a condenser vane


   Skills:
 + Level 7.0 Fighting
 + Level 3.7 Armour
 + Level 4.6 Dodging
 - Level 1.0 Stealth
 + Level 3.8 Shields
 * Level 11.3 Unarmed Combat
 - Level 2.0 Spellcasting


You had 12 spell levels left.
You knew the following spells:

 Your Spells              Type           Power        Failure   Level
a - Sandblast             Erth           0%           80%         1

Your spell library contained the following spells:

 Spells                   Type           Power        Failure   Level
 Magic Dart               Conj           0%           80%         1
 Passwall                 Tmut/Erth      0%           91%         2
 Searing Ray              Conj           0%           91%         2
 Confusing Touch          Hex            0%           99%         3
 Dazzling Flash           Conj/Hex       0%           99%         3
 Gell's Gravitas          Tloc           0%           99%         3
 Stone Arrow              Conj/Erth      0%           99%         3
 Fulminant Prism          Conj/Hex       0%           100%        4
 Iskenderun's Mystic Bla  Conj/Tloc      0%           100%        4
 Petrify                  Tmut/Erth      0%           100%        4
 Lee's Rapid Deconstruct  Erth           0%           100%        5
 Metabolic Englaciation   Hex/Ice        0%           100%        5
 Yara's Violent Unravell  Hex/Tmut       0%           100%        5


Dungeon Overview and Level Annotations

Branches:
Dungeon (10/15)            Temple (0/1) D:6
   Lair: D:8-11         Orc: D:9-12

Altars:
Ashenzari
Nemelex Xobeh
Sif Muna
Trog
Wu Jian
The Shining One

Annotations:
D:10 Snorg


Innate Abilities, Weirdness & Mutations

You are too large for most types of armour.
You have claws for hands.
Your natural rate of healing is unusually fast.
You are covered in fur. (AC +1)
You have extremely tough skin. (AC +3)


Message History

You mangle Snorg!!
Snorg is severely wounded.
Snorg closely misses you. Snorg claws you but does no damage. Snorg claws you!
You closely miss Snorg.
Snorg is severely wounded.
Snorg bites you!
* * * LOW HITPOINT WARNING * * *
Snorg barely misses you. Snorg claws you but does no damage.
You block Snorg's attack. Snorg closely misses you.
Snorg claws you but does no damage.
You claw Snorg!
Snorg is almost dead.
Snorg closely misses you. You block Snorg's attack.
Snorg claws you but does no damage.
You mangle Snorg!!
Snorg is almost dead.
Snorg bites you!!
* * * LOW HITPOINT WARNING * * *
Snorg barely misses you. Snorg claws you!
You die...

#...#
#...#
#...#
#...#
#...#
#...#
#...#
#@T.#
#...#
#...#
#...#
#...#
#...#
#....
......


You could see Snorg (berserk).

Vanquished Creatures
  A two-headed ogre (D:8)
  Psyche (D:9)
  Maggie (D:6)
  Prince Ribbit (D:6)
  A troll (D:8)
  A yak (D:7)
  3 hogs (D:7)
  A human (D:7)
  A steam dragon (D:7)
  2 water moccasins
  2 sky beasts
  3 ice beasts
  4 ogres
  A phantom (D:8)
  3 centaurs
  2 big kobolds (D:8)
  3 bullfrogs
  A gnoll sergeant (D:9)
  4 scorpions
  7 killer bees (D:8)
  3 wights (D:9)
  5 howler monkeys
  2 bullfrog zombies
  6 hounds
  A quasit (D:8)
  Crazy Yiuf (D:4)
  2 jellies
  3 orc priests
  2 centaur skeletons (D:5)
  3 iguanas
  5 orc wizards
  Natasha (thrice) (D:3)
  6 worker ants
  A hound zombie (D:9)
  Robin (D:2)
  A howler monkey skeleton (D:8)
  11 adders
  8 gnolls
  2 white imps (D:5)
  An ooze (D:1)
  2 adder skeletons (D:5)
  2 adder zombies
  3 worms (D:2)
  2 dart slugs
  6 leopard geckos
  28 orcs
  3 giant cockroaches
  12 goblins
  13 hobgoblins
  6 jackals
  3 quokkas
  A ball python skeleton (D:5)
  9 bats
  2 frilled lizards
  A jackal skeleton (D:4)
  15 kobolds
  A leopard gecko skeleton (D:6)
  A leopard gecko zombie (D:3)
  2 rats
222 creatures vanquished.

Vanquished Creatures (others)
  A wizard (D:6)
1 creature vanquished.

Grand Total: 223 creatures vanquished

Notes
Turn   | Place    | Note
-------+----------+-------------------------------------------
     0 | D:1      | nothank2 the Troll Monk began the quest for the Orb.
     0 | D:1      | Reached XP level 1. HP: 22/22 MP: 0/0
   412 | D:1      | Reached XP level 2. HP: 18/29 MP: 1/1
  1011 | D:2      | Noticed Robin
  1023 | D:2      | Reached XP level 3. HP: 34/36 MP: 3/3
  1031 | D:2      | Reached skill level 1 in Spellcasting
  1042 | D:2      | Killed Robin
  1103 | D:2      | Reached XP level 4. HP: 42/44 MP: 4/4
  1295 | D:2      | Reached skill level 4 in Unarmed Combat
  1749 | D:3      | Noticed Natasha
  1757 | D:3      | Killed Natasha
  1758 | D:3      | Reached XP level 5. HP: 53/53 MP: 6/6
  1834 | D:3      | Noticed Natasha
  1853 | D:3      | Killed Natasha
  1892 | D:3      | Noticed Natasha
  1897 | D:3      | Killed Natasha
  1927 | D:3      | Found a broken altar of Ashenzari.
  1930 | D:3      | Found a sparkling altar of Nemelex Xobeh.
  1983 | D:3      | You fall into a shaft and drop 3 floors!
  1989 | D:5      | Entered Level 5 of the Dungeon
  2146 | D:5      | Reached skill level 5 in Unarmed Combat
  2146 | D:5      | Reached XP level 6. HP: 43/61 MP: 8/8
  2978 | D:4      | Found a runed translucent door.
  2979 | D:4      | Noticed Crazy Yiuf
  3022 | D:4      | Killed Crazy Yiuf
  3624 | D:4      | Found a shimmering blue altar of Sif Muna.
  3624 | D:4      | Found a faded altar of an unknown god.
  3632 | D:4      | Found a glowing golden altar of the Shining One.
  3634 | D:4      | Found a faded altar of an unknown god.
  3636 | D:4      | Found an ornate altar of the Wu Jian Council.
  3641 | D:4      | Became a worshipper of the Wu Jian Council
  3641 | D:4      | Reached * piety under Wu Jian
  3641 | D:4      | Reached ** piety under Wu Jian
  3679 | D:5      | Reached skill level 6 in Unarmed Combat
  3679 | D:5      | Reached XP level 7. HP: 51/68 MP: 9/9
  3893 | D:5      | Reached skill level 7 in Unarmed Combat
  4437 | D:6      | Noticed Maggie
  4451 | D:6      | Killed Maggie
  4452 | D:6      | Reached skill level 5 in Fighting
  4452 | D:6      | Reached skill level 8 in Unarmed Combat
  4452 | D:6      | Reached XP level 8. HP: 80/80 MP: 10/10
  4710 | D:6      | Found a staircase to the Ecumenical Temple.
  4754 | D:6      | Got a scorched lead ring
  4811 | D:6      | Noticed Prince Ribbit
  4820 | D:6      | Killed Prince Ribbit
  4821 | D:6      | Reached skill level 9 in Unarmed Combat
  4966 | D:6      | Got a fine cloak
  4977 | D:6      | Identified the +0 cloak of the Haunted Stallion {rCorr
                  | Int+3} (You found it on level 6 of the Dungeon)
  5123 | D:6      | Found a bloodstained altar of Trog.
  5124 | D:6      | Noticed a wizard
  5129 | D:6      | Killed a wizard
  5421 | D:7      | Reached *** piety under Wu Jian
  5643 | D:7      | Reached XP level 9. HP: 89/89 MP: 11/11
  5645 | D:7      | Reached skill level 1 in Shields
  5717 | D:7      | Reached skill level 1 in Armour
  6064 | D:7      | Reached skill level 10 in Unarmed Combat
  6519 | D:8      | Identified the ring of Urenupt {Fire +Blink Str+2} (You
                  | found it on level 6 of the Dungeon)
  6548 | D:8      | Reached **** piety under Wu Jian
  6610 | D:8      | Noticed a troll
  6612 | D:8      | Noticed a two-headed ogre
  6616 | D:8      | Killed a troll
  6617 | D:8      | Reached XP level 10. HP: 74/100 MP: 12/12
  6621 | D:8      | Killed a two-headed ogre
  7220 | D:9      | Reached skill level 11 in Unarmed Combat
  7267 | D:9      | Learned a level 1 spell: Sandblast
  7523 | D:9      | Noticed Psyche
  7554 | D:9      | Killed Psyche
  7663 | D:10     | Entered Level 10 of the Dungeon
  7663 | D:10     | Noticed Snorg
  7674 | D:10     | Mangled by Snorg

Illustrated notes

Levels and vault maps discovered:
D:1:      dpeg_arrival_simpleton_a, layout_basic
D:2:      layout_loops_ring, uniq_robin
D:3:      layout_basic, nicolae_overflow_hidden_temple, uniq_grinder,
          uniq_natasha
D:4:      layout_loops_corners, chequers_temple_overflow_minitemple,
          uniq_crazy_yiuf_cottage
D:5:      layout_loops_cross, nicolae_ossuary_entry_monument, grunt_ministairs_8
D:6:      layout_basic, minmay_temple_entry_drinking_statues, trog_wizard,
          uniq_prince_ribbit1, uniq_maggie
D:7:      layout_loops_cross, grunt_livestock
D:8:      layout_gridville
D:9:      layout_roguey, uniq_psyche
D:10:     layout_long_grid, serial_shops, shop_fountains, enter_bailey_2,
          uniq_gastronok, uniq_snorg

Skill      XL: |  1  2  3  4  5  6  7  8  9 10 |
---------------+-------------------------------+-----
Spellcasting   | 1 2 |  2.0
Unarmed Combat | 4 5 6 8 9 10 11 | 11.3
Fighting       | 3 5 6 7 |  7.0
Shields        | 2 3 |  3.8
Armour         | 2 3 |  3.7
Dodging        | 3 4 |  4.6
Stealth        | |  1.0

Action                   |  1- 3 |  4- 6 |  7- 9 | 10-12 || total
-------------------------+-------+-------+-------+-------++-------
Melee: Unarmed           |    79 |   200 |   250 |   128 ||   657
       Punch             |     1 |     3 |       |       ||     4
Invok: Lunge             |       |       |    21 |    10 ||    31
       Whirlwind         |       |       |     2 |       ||     2
  Use: Scroll            |       |       |       |    16 ||    16
 Stab: Sleeping          |     3 |     3 |     2 |       ||     8
       Distracted        |       |     2 |       |       ||     2
Armor: Robe              |    41 |    62 |    13 |       ||   116
       Swamp dragon scal |       |       |    71 |    69 ||   140
Dodge: Dodged            |    48 |    90 |    62 |    45 ||   245
Block: Kite shield       |       |    24 |   102 |    54 ||   180
